 Dungeon Crawl Stone Soup version 0.30.0-19-g36f170ea60 (webtiles) character file.

Game seed: 13071724364091538114

202 loir the Poker (level 5, -1/43 HPs)
             Began as a Merfolk Gladiator on June 2, 2023.
             Slain by a jelly (3 damage)
             ... on level 4 of the Dungeon.
             The game lasted 00:11:54 (2801 turns).

loir the Poker (Merfolk Gladiator)                  Turns: 2801, Time: 00:11:55

Health: -1/43      AC: -3    Str: 16    XL:     5   Next: 80%
Magic:  5/5        EV: 14    Int:  8    God:
Gold:   127        SH:  0    Dex: 15    Spells: 4/4 levels left

rFire   . . .        a - +0 trident
rCold   . . .        (no shield)
rNeg    . . .        b - +0 leather armour
rPois   .            c - +1 helmet
rElec   .            (no cloak)
rCorr   .            (no gloves)
SInv    .            (no boots)
Will    .....        n - amulet of the acrobat
Stlth   +            (no ring)
HPRegen 0.27/turn    (no ring)
MPRegen 0.09/turn

%: acrobat
@: about to teleport, corroded
A: (nimble swimmer 2), mertail
a: no special abilities


You were on level 4 of the Dungeon.
You visited 1 branch of the dungeon, and saw 4 of its levels.

You collected 127 gold pieces.

Inventory:

Hand Weapons
 a - a +0 trident (weapon)
Missiles
 d - 3 throwing nets
 e - 16 poisoned darts (quivered)
 q - a javelin
Armour
 b - a +0 leather armour (worn)
 c - a +1 helmet (worn)
 g - an orb of mayhem
 r - a +2 robe of willpower
Jewellery
 n - an amulet of the acrobat (around neck)
Wands
 h - a wand of quicksilver (11)
Scrolls
 m - a scroll of teleportation
 s - a scroll of acquirement {unknown}
Potions
 f - a potion of haste
 i - 2 potions of flight
 j - a potion of might
 k - a potion of brilliance {unknown}
 l - a potion of berserk rage {unknown}
 o - a potion of lignification {unknown}
 p - 2 potions of ambrosia
 t - a potion of resistance {unknown}


   Skills:
 * Level 4.3 Fighting
 + Level 5.2 Polearms
 + Level 3.0 Throwing
 + Level 5.1 Dodging


You had 4 spell levels left.
You didn't know any spells.
Your spell library contained the following spells:

 Spells                   Type           Power      Damage    Failure   Level
 Inner Flame              Hex/Fire       0%         N/A       85%         3
 Flame Wave               Conj/Fire      0%         2d4       99%         4
 Sticky Flame             Conj/Fire      0%         2d3       99%         4


Dungeon Overview and Level Annotations

Branches:
Dungeon (4/15)
 Temple: D:4-7

Altars:
Cheibriados
Kikubaaqudgha
Uskayaw


Innate Abilities, Weirdness & Mutations

((You are very nimble when in or above water. (Stealth+, EV+, Speed+++)))
Your lower body shifts to a powerful aquatic tail in water.


Message History

A scorpion comes into view.
A jelly comes into view.
You hit the hound.
The hound is moderately wounded.
The hound bites you.
You puncture the hound!
The hound is almost dead.
The hound bites you. The hound closely misses you.
You miss the hound.
The hound is severely wounded.
The hound misses you.
You puncture the hound!
You kill the hound!
The scorpion stings you.
You closely miss the scorpion. The scorpion barely misses you.
The jelly hits you. The acid corrodes you!
You are splashed with acid.
You hit the scorpion.
The scorpion is moderately wounded.
The scorpion stings you. The jelly misses you. The scorpion stings you!
You are too injured to fight recklessly!
You are too injured to fight recklessly!
You are too injured to fight recklessly!
You hit the scorpion but do no damage.
The scorpion is moderately wounded.
The jelly hits you.
You are splashed with acid!
* * * LOW HITPOINT WARNING * * *
The scorpion barely misses you.
You hit the scorpion.
The scorpion is severely wounded.
The scorpion misses you. The jelly barely misses you.
You hit the scorpion.
The scorpion is almost dead.
The scorpion misses you. The jelly hits you.
* * * LOW HITPOINT WARNING * * *
The acid corrodes you!
You are splashed with acid.
* * * LOW HITPOINT WARNING * * *
The scorpion stings you.
* * * LOW HITPOINT WARNING * * *
As you read the scroll of teleportation, it crumbles to dust.
You feel strangely unstable. The jelly hits you.
You die...

#........'...
#........####
#............
#.........#.#
########.......#.#..
#............#.#.###
#####.#...#####.##.#.###
.....$....+ #.##+#....
......s@..# #.#.......
#####..J..# #.......
#.....# #....... #.....#
.#....... #.....#
......... #.....#
########. ...#### ####.
##.# #.... +....


You could see a scorpion and a jelly.

Vanquished Creatures
  A hound (D:4)
  Terence (D:3)
  3 adders
  A worm (D:2)
  4 dart slugs
  2 orcs
  4 endoplasms
  3 giant cockroaches
  7 goblins
  6 hobgoblins
  11 kobolds
  4 quokkas
  6 ball pythons
  7 bats
  5 frilled lizards
  8 rats
73 creatures vanquished.

Vanquished Creatures (others)
  Sigmund (D:3)
  A human (D:3)
2 creatures vanquished.

Grand Total: 75 creatures vanquished

Notes
Turn   | Place    | Note
-------+----------+-------------------------------------------
     0 | D:1      | loir the Merfolk Gladiator began the quest for the Orb.
     0 | D:1      | Reached XP level 1. HP: 16/16 MP: 1/1
   129 | D:1      | Reached XP level 2. HP: 20/23 MP: 2/2
   417 | D:1      | Found a faded altar of an unknown god.
   430 | D:1      | Reached XP level 3. HP: 28/28 MP: 3/3
  1469 | D:2      | Reached XP level 4. HP: 35/35 MP: 4/4
  1782 | D:3      | Noticed Sigmund
  1825 | D:3      | Killed Sigmund
  1826 | D:3      | Reached XP level 5. HP: 5/42 MP: 5/5
  2082 | D:3      | Found a hide-covered altar of Uskayaw.
  2289 | D:3      | Noticed Terence
  2299 | D:3      | Killed Terence
  2300 | D:3      | Reached skill level 5 in Polearms
  2300 | D:3      | Reached skill level 5 in Dodging
  2310 | D:3      | Found an ancient bone altar of Kikubaaqudgha.
  2310 | D:3      | Noticed a human
  2313 | D:3      | Killed a human
  2739 | D:4      | Found a snail-covered altar of Cheibriados.
  2800 | D:4      | HP: 2/43 [scorpion (3)]
  2801 | D:4      | Slain by a jelly

Illustrated notes

Levels and vault maps discovered:
D:1:      matt_arrival_debris, layout_rooms,
          hellmonk_ecumenical_altar_crossroads, serial_bayou_pond_d,
          dk_noncrumbling_4, minmay_distorted
D:2:      layout_basic, nicolae_hexahallways,
          nicolae_concentric_dashed_squares_wild, kennysheep_generic_room_12
D:3:      layout_loops_corners, nicolae_uskayaw_suspiria, tgw_kikubaaqudgha,
          uniq_terence, uniq_sigmund
D:4:      layout_basic, mainiacjoe_overflow_alcove_4

Skill      XL: |  1  2  3  4  5 |
---------------+----------------+-----
Fighting       | 3 4 |  4.3
Polearms       | 5 |  5.2
Dodging        | 5 |  5.1
Throwing       | 3 |  3.0

Action                     |  1- 3 |  4- 6 || total
---------------------------+-------+-------++-------
  Melee: Trident           |   139 |   114 ||   253
         Punch             |     1 |     4 ||     5
  Throw: Dart              |       |     4 ||     4
         Javelin           |       |     1 ||     1
    Use: Scroll            |     9 |     2 ||    11
   Stab: Sleeping          |     3 |     1 ||     4
 Armour: Leather armour    |    26 |    21 ||    47
  Dodge: Dodged            |    78 |    69 ||   147
